 Dungeon Crawl Stone Soup version 0.19.5 (webtiles) character file.

13475 danebombitumenja the Markscentaur (level 11, -2/79 (80) HPs)
             Began as a Centaur Hunter on June 7, 2017.
             Was a High Priest of Okawaru.
             Slain by a black mamba (12 damage)
             ... on level 1 of the Lair of Beasts.
             The game lasted 00:38:27 (20625 turns).

danebombitumenja the Markscentaur (Centaur Hunter) Turns: 20625, Time: 00:38:27

HP:   -2/79 (80)    AC: 14    Str: 21    XL:     11   Next: 76%
MP:   9/9           EV:  5    Int: 10    God:    Okawaru [*****.]
Gold: 320           SH:  0    Dex:  9    Spells: 0 memorised, 10 levels left

rFire  + . .     SeeInvis .     a - +3 shortbow "Zasi Xoiroup" {freeze, Str+2}
rCold  . . .     Gourm    .     Q - +2 chain mail {rF+}
rNeg   . . .     Faith    .     (shield currently unavailable)
rPois  +         Spirit   .     y - +2 hat
rElec  .         Reflect  .     E - +2 cloak {rPois}
rCorr  +         Harm     .     (no gloves)
MR     +....     Clarity  +     (no barding)
Stlth  ..........               (no amulet)
                                G - ring of resist corrosion
                                C - ring of protection from magic

@: lethally poisoned (-2 -> -9), very quick
A: hooves 3, clarity, deformed body, speed 2, frail 2, low mp 1, tough skin 3,
subdued magic 1, MP-powered wands
a: Heroism, Finesse, Renounce Religion


You were on level 1 of the Lair of Beasts.
You worshipped Okawaru.
Okawaru was extremely pleased with you.
You were not hungry.

You visited 3 branches of the dungeon, and saw 13 of its levels.
You also visited: Sewer, Ossuary and Volcano.

You collected 741 gold pieces.
You spent 421 gold pieces at shops.

Inventory:

Hand Weapons
 a - the +3 shortbow "Zasi Xoiroup" (weapon) {freeze, Str+2}
   (You bought it in a shop on level 10 of the Dungeon)

   It causes projectiles fired from it to freeze those they strike, causing
   extra injury to most foes and up to half again as much damage against
   particularly susceptible opponents.
   They can also slow down cold-blooded creatures.
   It affects your strength (+2).
 b - a +2 spear of venom
Missiles
 d - 212 arrows (quivered)
Armour
 y - a +2 hat (worn)
 E - a +2 cloak of poison resistance (worn)
 O - a +0 chain mail of cold resistance
 Q - a +2 chain mail of fire resistance (worn)
Jewellery
 z - an uncursed ring of ice
 C - a ring of protection from magic (left hand)
 G - a ring of resist corrosion (right hand)
 R - a cursed ring of teleportation {unknown}
Wands
 u - a wand of paralysis (12/24)
 L - a wand of digging (15/24)
Scrolls
 e - 2 scrolls of fog {unknown}
 g - 3 scrolls of identify
 h - 3 scrolls of enchant weapon
 j - 2 scrolls of teleportation
 k - 2 scrolls of amnesia
 l - 2 scrolls of enchant armour
 n - 2 scrolls of immolation {unknown}
 p - 2 scrolls of recharging {unknown}
 q - 8 scrolls of remove curse {unknown}
 s - a scroll of holy word {unknown}
 v - 2 scrolls of random uselessness {unknown}
 A - 2 scrolls of silence {unknown}
 B - 2 scrolls of blinking {unknown}
 D - 3 scrolls of fear {unknown}
 F - a scroll of vulnerability {unknown}
 S - a scroll of magic mapping {unknown}
Potions
 c - 2 potions of heal wounds {unknown}
 i - 3 potions of curing
 m - 5 potions of might {unknown}
 r - 5 potions of brilliance {unknown}
 t - 7 potions of lignification {unknown}
 w - 2 potions of cancellation {unknown}
 x - a potion of degeneration {unknown}
 H - a potion of haste {unknown}
 I - a potion of magic {unknown}
 J - a potion of resistance {unknown}
 M - a potion of flight {unknown}
 N - a potion of agility
 P - a potion of experience {unknown}
Books
 K - a book of Conjurations

   Spells                             Type                      Level
   a - Magic Dart                     Conjuration                  1
   b - Searing Ray                    Conjuration                  2
   c - Dazzling Spray                 Conjuration/Hexes            3
   d - Fulminant Prism                Conjuration/Hexes            4
   e - Iskenderun's Mystic Blast      Conjuration                  4
   f - Iskenderun's Battlesphere      Conjuration/Charms           5
Comestibles
 f - 7 bread rations
 o - 6 meat rations
 T - 8 chunks of flesh


   Skills:
 + Level 10.4 Fighting
 * Level 19.5 Bows
 - Level 1.3 Dodging
 - Level 0.4 Stealth


You had 10 spell levels left.
You didn't know any spells.

Dungeon Overview and Level Annotations

Branches:
Dungeon (10/15)            Temple (1/1) D:5            Lair (2/6) D:9
  Swamp: Lair:2-4    Shoals: Lair:2-4     Snake: Lair:2-4    Spider: Lair:2-4
    Orc: D:9-12

Altars:
Ashenzari
Gozag
Hepliaklqana
Kikubaaqudgha
Nemelex Xobeh
Okawaru
Sif Muna
Trog
Vehumet
Yredelemnul
The Shining One

Shops:
D:10 [(!:


Innate Abilities, Weirdness & Mutations

You have hooves in place of feet.
Armour fits poorly on your strangely shaped body.
You cover ground very quickly.
You have extremely tough skin. (AC +3)
You possess an exceptional clarity of mind.
You are very frail. (-20% HP)
Your magical capacity is low. (-10% MP)
Your spells are a little easier to cast, but a little less powerful.
You expend magic power (3 MP) to strengthen your wands.


Message History

The black mamba poisons you! The black mamba bites you!
The polar bear bites you!
* * * LOW HITPOINT WARNING * * *
The polar bear barely misses you.
The polar bear claws you but does no damage.
You climb upwards.
You feel very sick.
There is a stone staircase leading down here.
You feel sick.
The black mamba bites you but does no damage.
You feel sick. The polar bear bites you!
* * * LOW HITPOINT WARNING * * *
The polar bear claws you but does no damage.
The polar bear barely misses you.
You feel sick.
You feel sick.
You feel sick.
You see here 19 stones.
The black mamba bites you!
You die...

·········[·▒▒·▒▒▒▒▒······▒▒▒▒·▒▒▒
······P····▒▒▒···▒▒▒············▒
······▒····▒ ▒···▒▒▒····▒·······▒
······╬····▒▒▒·▒▒▒▒·····▒·······'
···········▒▒··▒▒▒▒▒············▒
············▒·^··▒▒▒····▒·······▒
······▒·················▒·······▒
▒·▒▒▒··················>·▒╬▒·╬▒·▒
················@S·h·············
▒▒▒▒▒▒▒▒▒▒▒▒▒▒▒▒▒▒▒▒·▒▒▒▒▒▒▒▒P▒▒▒
▒▒▒ ▒▒▒ ▒


You could see a polar bear and a black mamba.

Vanquished Creatures
  Josephine (D:10)
  Fannar (D:10)
  2 hill giants (D:10)
  Pikel (D:6)
  A black mamba (Lair:1)
  A komodo dragon (Lair:1)
  2 efreet (Volcano)
  A troll (D:8)
  Grinder (D:4)
  3 blink frogs (Lair:1)
  Sigmund (D:6)
  A wyvern (D:10)
  6 yaks (D:10)
  4 wraiths (D:10)
  4 fire elementals (Volcano)
  A hungry ghost (D:10)
  A soldier ant (D:10)
  A water moccasin (Lair:1)
  4 hell hounds
  4 orc warriors
  3 sky beasts
  2 black bears
  3 necrophages
  2 ice beasts
  6 centaurs
  2 phantoms
  4 ogres
  A crocodile (Lair:1)
  A big kobold (D:9)
  Blork the orc (D:6)
  11 bullfrogs
  2 water moccasin zombies (Ossuary)
  11 killer bees
  A scorpion (D:6)
  4 wights (D:6)
  2 howler monkeys
  2 crimson imps (D:7)
  Crazy Yiuf (D:5)
  5 hounds
  10 orc priests
  3 bullfrog skeletons
  A gnoll shaman (D:7)
  3 orc wizards (D:6)
  Jessica (D:3)
  3 iguanas (D:8)
  3 worker ants
  2 big kobold zombies (Ossuary)
  2 hound zombies (D:8)
  A hound skeleton (D:5)
  2 mummies (Ossuary)
  A howler monkey zombie (D:5)
  A worker ant zombie (D:7)
  8 gnolls
  A howler monkey skeleton (D:7)
  24 adders
  4 shadow imps
  An ooze (D:3)
  4 adder zombies (Ossuary)
  2 adder skeletons
  3 worms
  8 leopard geckos
  32 orcs
  6 giant cockroaches
  23 goblins
  8 hobgoblins
  15 jackals
  20 kobolds
  4 quokkas
  4 ball pythons
  8 bats
  6 frilled lizards
  2 gnoll zombies (Ossuary)
  3 hobgoblin zombies (Ossuary)
  A jackal skeleton (D:5)
  9 kobold zombies (Ossuary)
  A leopard gecko zombie (D:5)
  4 orc zombies (Ossuary)
  A quokka skeleton (D:7)
  13 rats
  3 fire vortices (Volcano)
  5 plants (Sewer)
361 creatures vanquished.

Vanquished Creatures (others)
  4 slaves (D:6)
  An orc wizard (D:6)
  A howler monkey skeleton (D:6)
  An orc (D:6)
  A fire vortex (Volcano)
8 creatures vanquished.

Grand Total: 369 creatures vanquished

Notes
Turn   | Place    | Note
-------+----------+-------------------------------------------
     0 | D:1      | danebombitumenja the Centaur Hunter began the quest for the Orb.
     0 | D:1      | Reached XP level 1. HP: 17/17 MP: 1/1
   474 | D:1      | Reached XP level 2. HP: 12/24 MP: 2/2
   516 | D:1      | Reached skill level 6 in Bows
  1535 | D:1      | Reached XP level 3. HP: 29/29 MP: 3/3
  1543 | D:2      | Found a faded altar of an unknown god.
  1874 | D:2      | Reached skill level 7 in Bows
  2234 | D:2      | Reached XP level 4. HP: 36/36 MP: 4/4
  2565 | D:2      | Reached skill level 8 in Bows
  3445 | D:3      | Reached XP level 5. HP: 40/41 MP: 5/5
  3630 | D:3      | Found an opulent altar of Gozag.
  3632 | D:3      | Found a hazy altar of Hepliaklqana.
  3633 | D:3      | Found a glowing golden altar of the Shining One.
  3633 | D:3      | Found a sparkling altar of Nemelex Xobeh.
  4064 | D:3      | Reached skill level 9 in Bows
  4526 | D:3      | Noticed Jessica
  4531 | D:3      | Killed Jessica
  4737 | D:4      | Reached XP level 6. HP: 9/48 MP: 6/6
  5024 | D:4      | Noticed Grinder
  5030 | D:4      | Paralysed by Grinder for 2 turns
  5063 | D:4      | Paralysed by Grinder for 5 turns
  5087 | D:4      | Killed Grinder
  5087 | D:4      | Reached skill level 10 in Bows
  5320 | D:4      | Found a shattered altar of Ashenzari.
  5455 | D:4      | Reached XP level 7. HP: 29/55 MP: 7/7
  5714 | D:5      | Entered Level 5 of the Dungeon
  5810 | D:5      | Reached skill level 11 in Bows
  5811 | D:5      | Found a basalt altar of Yredelemnul.
  5958 | D:5      | Found a runed door.
  6282 | D:5      | Found a staircase to the Ecumenical Temple.
  6291 | Temple   | Entered the Ecumenical Temple
  6299 | Temple   | Became a worshipper of Warmaster Okawaru
  6703 | D:5      | Noticed Crazy Yiuf
  6756 | D:5      | Killed Crazy Yiuf
  6756 | D:5      | Reached skill level 12 in Bows
  6857 | D:6      | Noticed Blork the orc
  6864 | D:6      | Killed Blork the orc
  6946 | D:6      | Reached XP level 8. HP: 21/66 MP: 8/8
  7043 | D:6      | Reached * piety under Okawaru
  7176 | D:6      | Found a glowing drain.
  7180 | Sewer    | Entered a sewer
  8244 | D:6      | Reached skill level 13 in Bows
  8740 | D:6      | Reached skill level 5 in Fighting
  8747 | D:6      | Noticed Sigmund
  8769 | D:6      | Killed Sigmund
  8946 | D:6      | Reached ** piety under Okawaru
  8988 | D:6      | Reached XP level 9. HP: 62/74 MP: 9/9
  9004 | D:6      | Reached skill level 14 in Bows
  9128 | D:6      | Noticed Pikel
  9144 | D:6      | Killed Pikel
  9252 | D:6      | Found an ancient bone altar of Kikubaaqudgha.
 10024 | D:7      | Reached *** piety under Okawaru
 10024 | D:7      | Reached skill level 15 in Bows
 10035 | D:7      | Found a sand-covered staircase.
 10040 | Ossuary  | Entered an ossuary
 10656 | D:7      | HP: 2/78 [killer bee (7)]
 11668 | D:7      | Found a deep blue altar of Sif Muna.
 11700 | D:7      | Reached XP level 10. HP: 85/85 MP: 10/10
 11865 | D:7      | Reached skill level 16 in Bows
 12012 | D:8      | Noticed a moth of wrath
 12015 | D:8      | Found a bloodstained altar of Trog.
 12663 | D:8      | HP: 4/87 [troll (9)]
 13328 | D:8      | Reached **** piety under Okawaru
 14862 | D:9      | Reached skill level 17 in Bows
 15010 | D:9      | Found a staircase to the Lair.
 15244 | D:10     | Entered Level 10 of the Dungeon
 15380 | D:10     | Found Upsoiz's Book Emporium.
 15436 | D:10     | Noticed a hill giant
 15498 | D:10     | Killed a hill giant
 15566 | D:10     | Noticed a hill giant
 15633 | D:10     | Killed a hill giant
 15977 | D:10     | Received a gift from Okawaru
 16040 | D:10     | Noticed Fannar
 16078 | D:10     | Found Louremid's Distillery.
 16257 | D:10     | HP: 2/90 [Fannar/Ozocubu's Refrigeration (8)]
 16665 | D:10     | HP: 4/90 [Fannar/Ozocubu's Refrigeration (9)]
 16667 | D:10     | Killed Fannar
 16667 | D:10     | Reached ***** piety under Okawaru
 16667 | D:10     | Received a gift from Okawaru
 16667 | D:10     | Reached skill level 18 in Bows
 16667 | D:10     | Reached XP level 11. HP: 5/96 MP: 11/11
 17157 | D:10     | Noticed Josephine
 17181 | D:10     | Killed Josephine
 17181 | D:10     | Received a gift from Okawaru
 17456 | D:10     | Found Luipp's Weapon Shoppe.
 17464 | D:10     | Bought the +3 shortbow "Zasi Xoiroup" {freeze, Str+2} for 379 gold pieces
 17565 | D:10     | Found Licui's Antique Armour Shop.
 17641 | D:10     | Bought a potion of mutation for 42 gold pieces
 18389 | Lair:1   | Entered Level 1 of the Lair of Beasts
 18392 | Lair:1   | Gained mutation: You possess an exceptional clarity of mind. [potion of mutation]
 18392 | Lair:1   | Gained mutation: Your magical capacity is low. (-10% MP) [potion of mutation]
 18392 | Lair:1   | Gained mutation: You are frail. (-10% HP) [potion of mutation]
 18393 | Lair:1   | Gained mutation: Your spells are a little easier to cast, but a little less powerful. [potion of mutation]
 18393 | Lair:1   | Gained mutation: You are very frail. (-20% HP) [potion of mutation]
 18393 | Lair:1   | Gained mutation: You are dopey. (Int -2) [potion of mutation]
 18394 | Lair:1   | Gained mutation: You expend magic power (3 MP) to strengthen your wands. [potion of mutation]
 18394 | Lair:1   | Lost mutation: You are dopey. (Int -2) [potion of mutation]
 18613 | Lair:1   | Received a gift from Okawaru
 18613 | Lair:1   | Reached skill level 10 in Fighting
 18765 | Lair:1   | Reached skill level 19 in Bows
 18945 | Lair:1   | Found a dark tunnel.
 18953 | Volcano  | Entered a volcano
 20625 | Lair:1   | Slain by a black mamba

Skill      XL: |  1  2  3  4  5  6  7  8  9 10 11 |
---------------+----------------------------------+-----
Bows           | 6 7 8 9 10 12 13 15 18 19 | 19.5
Fighting       | 3 5 7 9 10 | 10.4
Dodging        | |  1.3
Stealth        | |  0.4

Action                   |  1- 3 |  4- 6 |  7- 9 | 10-12 || total
-------------------------+-------+-------+-------+-------++-------
Melee: Short sword       |   109 |       |       |       ||   109
       Kick              |    22 |    49 |   190 |    97 ||   358
       Dagger            |    45 |   188 |       |       ||   233
       Spear             |       |    81 |   761 |   406 ||  1248
 Fire: Shortbow          |       |       |       |   401 ||   401
Invok: Heroism           |       |       |     2 |     4 ||     6
  Use: Potion            |       |     2 |     1 |     3 ||     6
       Scroll            |       |       |       |     6 ||     6
 Stab: Distracted        |       |       |     1 |       ||     1
  Eat: Chunk             |     4 |     8 |    18 |    17 ||    47
       Pizza             |       |       |     1 |       ||     1
       Royal jelly       |       |       |       |     2 ||     2
       Bread ration      |       |       |       |     1 ||     1
       Beef jerky        |       |       |       |     1 ||     1
Armor: Leather armour    |    45 |       |       |       ||    45
       Chain mail        |    22 |   154 |   430 |   311 ||   917
Dodge: Dodged            |    82 |    53 |   151 |   118 ||   404
